 Dungeon Crawl Stone Soup version 0.31-a0-819-gf6de2f5ab6 (webtiles) character file.

Game seed: 2428681543223399877

6274 qw the Skirmisher (level 10, -12/65 HPs)
             Began as a Gargoyle Hunter on Sept 23, 2023.
             Was a Priest of Okawaru.
             Killed by the air
             ... invoked by Gastronok
              (21 damage)
             ... on level 9 of the Dungeon.
             The game lasted 00:03:40 (8064 turns).

qw the Skirmisher (Gargoyle Hunter)                 Turns: 8064, Time: 00:03:41

Health: -12/65     AC: 21    Str: 14    XL:     10   Next: 94%
Magic:  11/13      EV: 15    Int: 11    God:    Okawaru [***...]
Gold:   164        SH:  0    Dex: 17    Spells: 9/9 levels left

rFire   . . .        i - +1 orcbow (flame)
rCold   + . .        (shield currently unavailable)
rNeg    + . .        c - +2 ring mail {rC+}
rPois   inf          k - +0 helmet
rElec   +            (no cloak)
rCorr   .            g - +2 pair of gloves
SInv    .            (no boots)
Will    +....        (no amulet)
Stlth   +++          a - ring of willpower
HPRegen 0.30/turn    (no ring)
MPRegen 0.13/turn

%: no passive effects
@: heroic, slowed, very slow
A: sickness immunity, AC +7, negative energy resistance 1, electricity
resistance, torment resistance 1, petrification resistance
a: Renounce Religion, Heroism


You were on level 9 of the Dungeon.
You worshipped Okawaru.
Okawaru was most pleased with you.
You visited 2 branches of the dungeon, and saw 10 of its levels.

You collected 442 gold pieces.
You spent 278 gold pieces at shops.


Innate Abilities, Weirdness & Mutations

You are immune to sickness and miasma.
Your stone body is resilient. (AC +7)
You are immune to poison.
You resist negative energy. (rN+)
You are resistant to electric shocks. (rElec)
You are resistant to unholy torment.
You are immune to petrification.


   Skills:
 + Level 8.9(13.9) Fighting
 - Level 13.0(18.0) Ranged Weapons
 - Level 4.1(9.1) Armour
 - Level 3.4(8.4) Dodging
 - Level 1.1(6.1) Stealth
 - Level 4.2 Invocations


You had 9 spell levels left.
You didn't know any spells.
Your spell library was empty.

Inventory:

Hand Weapons
 i - a +1 orcbow of flaming (weapon)
Armour
 c - a +2 ring mail of cold resistance (worn)
 e - a +3 leather armour of poison resistance
 g - a +2 pair of gloves (worn)
 k - a +0 helmet (worn)
Jewellery
 a - a ring of willpower (left hand)
Scrolls
 d - 2 scrolls of identify
Potions
 b - a potion of haste
 f - 2 potions of curing

Dungeon Overview and Level Annotations

Branches:
Dungeon (9/15)             Temple (1/1) D:4
   Lair: D:8-11         Orc: D:9-12

Altars:
Ashenzari
Cheibriados
Dithmenos
Elyvilon
Fedhas
Gozag
Hepliaklqana
Kikubaaqudgha
Makhleb
Okawaru
Qazlal
Ru
Sif Muna
Trog
Uskayaw
Vehumet
Wu Jian
Xom
Yredelemnul
Zin
The Shining One

Shops:
D:7 *   D:9 (

Portals:
Bailey: D:7

Annotations:
D:6 1 runed translucent door, Crazy Yiuf
D:7 2 transporters
D:9 Gastronok


Message History

You shoot an arrow.
The arrow hits Gastronok but does no damage.
Gastronok is lightly wounded.
You shoot an arrow. The arrow hits Gastronok!
The arrow burns Gastronok.
Gastronok is lightly wounded.
You shoot an arrow. The arrow hits Gastronok!
The arrow burns Gastronok.
Gastronok is lightly wounded.
Gastronok waves his eye-stalks in wide circles.
The air twists around and strikes you!!
You shoot an arrow.
The arrow hits Gastronok but does no damage.
Gastronok is lightly wounded.
You shoot an arrow. The arrow hits Gastronok!!
The arrow burns Gastronok!
Gastronok is moderately wounded.
Gastronok mumbles some strange words.
You shoot an arrow. The arrow hits Gastronok.
The arrow burns Gastronok.
Gastronok is moderately wounded.
You shoot an arrow. The arrow hits Gastronok!!
The arrow burns Gastronok.
Gastronok is heavily wounded.
You shoot an arrow. The arrow hits Gastronok.
The arrow burns Gastronok.
Gastronok is heavily wounded.
Gastronok closely misses you.
You shoot an arrow. The arrow barely misses Gastronok.
The arrow hits the quokka!
The arrow burns the quokka.
You kill the quokka!
The quokka's corpse disappears in a puff of smoke!
You shoot an arrow. The arrow hits Gastronok.
The arrow burns Gastronok.
Gastronok is heavily wounded.
You shoot an arrow.
The arrow hits Gastronok but does no damage.
Gastronok is heavily wounded.
You feel like a meek peon again. Gastronok casts a spell at you.
You feel yourself slow down.
8064 ||| INVOKING Heroism.
You gain the combat prowess of a mighty hero.
Gastronok waves his eye-stalks in wide circles.
The air twists around and strikes you!!
You die...
Gastronok gurgles, "About time.
I'm starving!"

#>....#.....<..##..##...#)####...
##..............)........(##.....
#............#####...........###.
#............#####.#w............
#............##...z.....###......
##................gz............
##....#....######.##.#..##.....
#.~~.~~..#######)##.##.# ....
#.~#+#~..# #..@wr........ ...
...+ .......###r#.###### ...##
#...# # #..## #..# .<.# #... #..#


You could see Gastronok and 2 rats.

Vanquished Creatures
  A two-headed ogre (D:8)
  Pikel (D:6)
  Joseph (D:8)
  Grinder (D:5)
  4 yaks (D:9)
  2 steam dragons
  Menkaure (D:6)
  Edmund (D:6)
  A water moccasin (D:5)
  2 orc warriors (D:9)
  4 ice beasts
  2 black bears
  4 ogres
  2 centaurs
  A lemure (D:6)
  3 phantoms
  A kobold brigand (D:9)
  A bullfrog (D:9)
  5 scorpions
  7 wights
  6 howler monkeys
  A quasit (D:8)
  4 jellies
  2 gnoll boudas
  6 hounds
  2 orc priests
  2 sleepcaps (D:6)
  Terence (D:2)
  4 iguanas
  2 orc wizards
  8 adders
  20 gnolls
  3 shadow imps
  4 white imps
  3 ufetubi
  A worm (D:2)
  4 dart slugs
  10 orcs
  9 bats
  9 endoplasms
  A giant cockroach (D:2)
  14 goblins
  9 hobgoblins
  9 jackals
  3 quokkas
  10 ball pythons
  A frilled lizard (D:1)
  11 kobolds
  3 rats
207 creatures vanquished.

Vanquished Creatures (others)
  An orc (D:7)
1 creature vanquished.

Grand Total: 208 creatures vanquished

Notes
Turn   | Place    | Note
-------+----------+-------------------------------------------
     0 | D:1      | qw the Gargoyle Hunter began the quest for the Orb.
     0 | D:1      | Reached XP level 1. HP: 12/12 MP: 1/1
     0 | D:1      | 0 ||| qw: Version: 0.3-a-83-gcd0e7d8
     0 | D:1      | 0 ||| qw: Game counter: 1453
     0 | D:1      | 0 ||| qw: Melee chars always use a shield: true
     0 | D:1      | 0 ||| qw: God list: Okawaru
     0 | D:1      | 0 ||| qw: Allow faded altars: false
     0 | D:1      | 0 ||| qw: Do Orc after clearing Dungeon:15 true
     0 | D:1      | 0 ||| qw: Do second Lair branch before Depths: true
     0 | D:1      | 0 ||| qw: Lair rune preference: random
     0 | D:1      | 0 ||| qw: Goals: Normal
     0 | D:1      | 0 ||| PLANNING D:1-11
    64 | D:1      | Reached XP level 2. HP: 17/17 MP: 2/2
   345 | D:1      | 345 ||| UPGRADING to +0 ring mail.
   348 | D:1      | 348 ||| UPGRADING to +0 ring mail.
   361 | D:1      | 361 ||| DROPPING +0 leather armour.
   444 | D:1      | Reached XP level 3. HP: 21/21 MP: 3/3
   470 | D:1      | Reached skill level 1 in Armour
   569 | D:1      | 569 ||| UPGRADING to +2 pair of gloves.
   637 | D:1      | HP: 4/21 [jackal (2)]
   640 | D:1      | Reached skill level 5 in Ranged Weapons
   955 | D:1      | 955 ||| READING scroll labelled ASEAVV GUIMMUE.
   956 | D:1      | 956 ||| READING scroll labelled ZEXKEI OHACW.
   957 | D:1      | 957 ||| DROPPING scroll of butterflies.
  1069 | D:2      | Reached skill level 3 in Fighting
  1069 | D:2      | Reached XP level 4. HP: 28/28 MP: 4/4
  1210 | D:2      | Noticed Terence
  1229 | D:2      | Killed Terence
  1545 | D:2      | 1545 ||| UPGRADING to +2 robe of cold resistance.
  1555 | D:2      | 1555 ||| DROPPING +0 ring mail.
  1556 | D:2      | 1556 ||| READING scroll labelled ROTAS TA WIMO.
  1560 | D:2      | 1560 ||| READING scroll labelled GITSAKUCHO.
  1561 | D:2      | 1561 ||| READING scroll labelled POYQOMALOB.
  1562 | D:2      | 1562 ||| DRINKING 2 lumpy pink potions.
  1710 | D:3      | Reached XP level 5. HP: 32/32 MP: 5/5
  2187 | D:3      | 2187 ||| READING scroll labelled GIUTUA COUGRY.
  2304 | D:4      | Found a staircase to the Ecumenical Temple.
  2305 | D:4      | 2305 ||| PLANNING TEMPLE
  2313 | Temple   | Entered the Ecumenical Temple
  2314 | Temple   | 2314 ||| PLANNING OKAWARU WORSHIP
  2344 | Temple   | Became a worshipper of Warmaster Okawaru
  2345 | Temple   | 2345 ||| PLANNING D:1-11
  2392 | D:4      | Noticed an ogre
  2397 | D:4      | Killed an ogre
  2398 | D:4      | Reached skill level 6 in Ranged Weapons
  2400 | D:4      | Reached XP level 6. HP: 37/37 MP: 6/6
  2518 | D:4      | Reached * piety under Okawaru
  2519 | D:4      | 2519 ||| FLEEEEING.
  2521 | D:4      | 2521 ||| FLEEEEING.
  2523 | D:4      | 2523 ||| FLEEEEING.
  2524 | D:4      | 2524 ||| FLEEEEING.
  2525 | D:4      | 2525 ||| FLEEEEING.
  2526 | D:4      | 2526 ||| FLEEEEING.
  2527 | D:4      | 2527 ||| FLEEEEING.
  2528 | D:4      | 2528 ||| FLEEEEING.
  2532 | D:4      | 2532 ||| FLEEEEING.
  2533 | D:4      | 2533 ||| FLEEEEING.
  2534 | D:4      | 2534 ||| FLEEEEING.
  2535 | D:4      | 2535 ||| FLEEEEING.
  2699 | D:4      | 2699 ||| INVOKING Heroism.
  2715 | D:4      | 2715 ||| FLEEEEING.
  2716 | D:4      | 2716 ||| FLEEEEING.
  2717 | D:4      | 2717 ||| FLEEEEING.
  2718 | D:4      | 2718 ||| FLEEEEING.
  2720 | D:4      | 2720 ||| FLEEEEING.
  2721 | D:4      | 2721 ||| FLEEEEING.
  2722 | D:4      | 2722 ||| FLEEEEING.
  2723 | D:4      | 2723 ||| FLEEEEING.
  2724 | D:4      | 2724 ||| FLEEEEING.
  2725 | D:4      | 2725 ||| FLEEEEING.
  2726 | D:4      | 2726 ||| FLEEEEING.
  2727 | D:4      | 2727 ||| FLEEEEING.
  2728 | D:4      | 2728 ||| FLEEEEING.
  2729 | D:4      | 2729 ||| FLEEEEING.
  2730 | D:4      | 2730 ||| FLEEEEING.
  2731 | D:4      | 2731 ||| FLEEEEING.
  2732 | D:4      | 2732 ||| FLEEEEING.
  2734 | D:4      | 2734 ||| FLEEEEING.
  2735 | D:4      | 2735 ||| FLEEEEING.
  2736 | D:4      | 2736 ||| FLEEEEING.
  2737 | D:4      | 2737 ||| FLEEEEING.
  2738 | D:4      | 2738 ||| FLEEEEING.
  2739 | D:4      | 2739 ||| FLEEEEING.
  2740 | D:4      | 2740 ||| FLEEEEING.
  2741 | D:4      | 2741 ||| FLEEEEING.
  2742 | D:4      | 2742 ||| FLEEEEING.
  2743 | D:4      | 2743 ||| FLEEEEING.
  2744 | D:4      | 2744 ||| FLEEEEING.
  2745 | D:4      | 2745 ||| FLEEEEING.
  2746 | D:4      | 2746 ||| FLEEEEING.
  2747 | D:4      | 2747 ||| FLEEEEING.
  2748 | D:4      | 2748 ||| FLEEEEING.
  2749 | D:4      | 2749 ||| FLEEEEING.
  2750 | D:4      | 2750 ||| FLEEEEING.
  2751 | D:4      | 2751 ||| FLEEEEING.
  2752 | D:4      | 2752 ||| FLEEEEING.
  2753 | D:4      | 2753 ||| FLEEEEING.
  2754 | D:4      | 2754 ||| FLEEEEING.
  2755 | D:4      | 2755 ||| FLEEEEING.
  2756 | D:4      | 2756 ||| FLEEEEING.
  2757 | D:4      | 2757 ||| FLEEEEING.
  2758 | D:4      | 2758 ||| FLEEEEING.
  2759 | D:4      | 2759 ||| FLEEEEING.
  2760 | D:4      | 2760 ||| FLEEEEING.
  2761 | D:4      | 2761 ||| FLEEEEING.
  2762 | D:4      | 2762 ||| FLEEEEING.
  2763 | D:4      | 2763 ||| FLEEEEING.
  2764 | D:4      | 2764 ||| FLEEEEING.
  2765 | D:4      | 2765 ||| FLEEEEING.
  2766 | D:4      | 2766 ||| FLEEEEING.
  2767 | D:4      | 2767 ||| FLEEEEING.
  2984 | D:4      | Reached skill level 7 in Ranged Weapons
  3215 | D:4      | 3215 ||| UPGRADING to +2 ring mail of cold resistance.
  3225 | D:4      | 3225 ||| DROPPING +2 robe of cold resistance.
  3265 | D:5      | Entered Level 5 of the Dungeon
  3285 | D:5      | Reached XP level 7. HP: 35/43 MP: 7/7
  3340 | D:5      | Reached skill level 1 in Invocations
  3505 | D:5      | 3505 ||| Stepping ~*~*~tactically~*~*~ (retreating).
  3506 | D:5      | 3506 ||| Stepping ~*~*~tactically~*~*~ (retreating).
  3507 | D:5      | 3507 ||| Stepping ~*~*~tactically~*~*~ (retreating).
  3515 | D:5      | Reached skill level 8 in Ranged Weapons
  3519 | D:5      | 3519 ||| INVOKING Heroism.
  3523 | D:5      | Reached skill level 3 in Invocations
  3609 | D:5      | 3609 ||| INVOKING Heroism.
  3614 | D:5      | Reached XP level 8. HP: 48/48 MP: 7/10
  3710 | D:5      | 3710 ||| FLEEEEING.
  3718 | D:5      | 3718 ||| FLEEEEING.
  3719 | D:5      | 3719 ||| FLEEEEING.
  3720 | D:5      | 3720 ||| FLEEEEING.
  3721 | D:5      | 3721 ||| FLEEEEING.
  3724 | D:5      | 3724 ||| FLEEEEING.
  3725 | D:5      | 3725 ||| FLEEEEING.
  3726 | D:5      | 3726 ||| FLEEEEING.
  3727 | D:5      | 3727 ||| FLEEEEING.
  3730 | D:5      | 3730 ||| FLEEEEING.
  3731 | D:5      | 3731 ||| FLEEEEING.
  3782 | D:5      | 3782 ||| INVOKING Heroism.
  3785 | D:5      | 3785 ||| RETREEAATING.
  3787 | D:5      | 3787 ||| Stepping ~*~*~tactically~*~*~ (retreating).
  3801 | D:5      | Reached skill level 3 in Armour
  3829 | D:5      | 3829 ||| INVOKING Heroism.
  3849 | D:5      | Found Fekaubli's Armour Shoppe.
  4048 | D:5      | Reached skill level 9 in Ranged Weapons
  4161 | D:5      | 4161 ||| INVOKING Heroism.
  4173 | D:5      | Reached skill level 6 in Fighting
  4210 | D:5      | Noticed Grinder
  4211 | D:5      | 4211 ||| INVOKING Heroism.
  4212 | D:5      | Paralysed by Grinder for 3 turns
  4234 | D:5      | Killed Grinder
  4234 | D:5      | Reached ** piety under Okawaru
  4235 | D:5      | Reached XP level 9. HP: 36/55 MP: 12/12
  4333 | D:5      | 4333 ||| READING 3 scrolls labelled FAYJERI BUOMO.
  4334 | D:5      | 4334 ||| DRINKING 2 smoky yellow potions.
  4349 | D:5      | 4349 ||| READING 2 scrolls of identify.
  4349 | D:5      | 4349 ||| IDENTIFYING dark potion
  4350 | D:5      | 4350 ||| DROPPING potion of lignification.
  4404 | D:6      | 4404 ||| STAIRDANCE
  4550 | D:6      | Found a runed translucent door.
  4551 | D:6      | Noticed Crazy Yiuf
  4612 | D:6      | Found a shadowy altar of Dithmenos.
  4648 | D:6      | Reached skill level 10 in Ranged Weapons
  4752 | D:6      | Noticed Pikel
  4753 | D:6      | 4753 ||| RETREEAATING.
  4754 | D:6      | 4754 ||| STILL RETREEAATING.
  4756 | D:6      | 4756 ||| RETREEAATING.
  4758 | D:6      | 4758 ||| Stepping ~*~*~tactically~*~*~ (retreating).
  4761 | D:6      | 4761 ||| INVOKING Heroism.
  4779 | D:6      | Killed Pikel
  4783 | D:6      | 4783 ||| INVOKING Heroism.
  4882 | D:6      | 4882 ||| INVOKING Heroism.
  5097 | D:6      | Noticed Edmund
  5098 | D:6      | 5098 ||| INVOKING Heroism.
  5116 | D:6      | Killed Edmund
  5175 | D:6      | Noticed Menkaure
  5176 | D:6      | 5176 ||| INVOKING Heroism.
  5178 | D:6      | Killed Menkaure
  5419 | D:6      | 5419 ||| UPGRADING to +0 helmet.
  5424 | D:6      | 5424 ||| UPGRADING to ring of willpower.
  5425 | D:6      | 5425 ||| DRINKING 2 cyan potions.
  5426 | D:6      | 5426 ||| DROPPING potion of degeneration.
  5455 | D:7      | 5455 ||| INVOKING Heroism.
  5456 | D:7      | 5456 ||| Stepping ~*~*~tactically~*~*~ (cloud).
  5457 | D:7      | 5457 ||| STAIRDANCE
  5518 | D:7      | 5518 ||| Stepping ~*~*~tactically~*~*~ (cloud).
  5518 | D:7      | Found a transporter.
  5521 | D:7      | Noticed a kobold demonologist
  5522 | D:7      | 5522 ||| INVOKING Heroism.
  5534 | D:7      | Reached skill level 11 in Ranged Weapons
  5551 | D:7      | Reached XP level 10. HP: 64/64 MP: 13/13
  5558 | D:7      | Found Gorphiuqa's General Store.
  5589 | D:7      | 5589 ||| READING 2 scrolls of enchant weapon.
  5589 | D:7      | 5589 ||| ENCHANTING +1 shortbow of flaming.
  5590 | D:7      | 5590 ||| READING scroll of enchant weapon.
  5590 | D:7      | 5590 ||| ENCHANTING +2 shortbow of flaming.
  5619 | D:7      | 5619 ||| FLEEEEING.
  5620 | D:7      | 5620 ||| FLEEEEING.
  5623 | D:7      | 5623 ||| Stepping ~*~*~tactically~*~*~ (retreating).
  5624 | D:7      | 5624 ||| Stepping ~*~*~tactically~*~*~ (retreating).
  5625 | D:7      | 5625 ||| Stepping ~*~*~tactically~*~*~ (retreating).
  5626 | D:7      | 5626 ||| Stepping ~*~*~tactically~*~*~ (retreating).
  5627 | D:7      | 5627 ||| Stepping ~*~*~tactically~*~*~ (retreating).
  5628 | D:7      | 5628 ||| Stepping ~*~*~tactically~*~*~ (retreating).
  5629 | D:7      | 5629 ||| Stepping ~*~*~tactically~*~*~ (retreating).
  5632 | D:7      | 5632 ||| INVOKING Heroism.
  5633 | D:7      | 5633 ||| Stepping ~*~*~tactically~*~*~ (retreating).
  5748 | D:7      | 5748 ||| BUYING scroll of identify (26 gold).
  5748 | D:7      | Bought a scroll of identify for 26 gold pieces
  5758 | D:7      | Found a transporter.
  5823 | D:7      | Found a flagged portal.
  6021 | D:7      | 6021 ||| READING 3 scrolls labelled ZENAEDDIXOZ.
  6022 | D:7      | 6022 ||| READING scroll labelled ODUROACESM.
  6023 | D:7      | 6023 ||| READING 2 scrolls of identify.
  6023 | D:7      | 6023 ||| IDENTIFYING smoky black potion
  6024 | D:7      | 6024 ||| DROPPING potion of brilliance.
  6024 | D:7      | Noticed a kobold demonologist
  6025 | D:7      | 6025 ||| DROPPING 2 scrolls of immolation.
  6041 | D:8      | Noticed Joseph
  6042 | D:8      | 6042 ||| RETREEAATING.
  6047 | D:8      | 6047 ||| RETREEAATING.
  6051 | D:8      | 6051 ||| STILL RETREEAATING.
  6052 | D:8      | 6052 ||| INVOKING Heroism.
  6055 | D:8      | Killed Joseph
  6056 | D:8      | Reached skill level 3 in Dodging
  6553 | D:8      | 6553 ||| DROPPING +2 robe of willpower.
  6583 | D:8      | 6583 ||| READING scroll of brand weapon.
  6583 | D:8      | 6583 ||| BRANDING +3 shortbow of flaming.
  7380 | D:8      | 7380 ||| READING 3 scrolls of identify.
  7380 | D:8      | 7380 ||| IDENTIFYING lumpy brown potion
  7381 | D:8      | 7381 ||| DROPPING potion of attraction.
  7391 | D:9      | Identified the +8 whip of Courage {elec, rElec Str-3 Dex+2}
  7404 | D:9      | 7404 ||| RETREEAATING.
  7405 | D:9      | 7405 ||| STILL RETREEAATING.
  7407 | D:9      | 7407 ||| Stepping ~*~*~tactically~*~*~ (retreating).
  7412 | D:9      | 7412 ||| INVOKING Heroism.
  7423 | D:9      | Reached skill level 12 in Ranged Weapons
  7424 | D:9      | Noticed a two-headed ogre
  7433 | D:9      | HP: 15/64 [yak (4)]
  7434 | D:9      | 7434 ||| READING 2 scrolls of teleportation.
  7438 | D:9      | 7438 ||| INVOKING Heroism.
  7462 | D:9      | 7462 ||| FLEEEEING.
  7469 | D:9      | 7469 ||| FLEEEEING.
  7470 | D:9      | 7470 ||| FLEEEEING.
  7471 | D:9      | 7471 ||| STAIRDANCE
  7624 | D:9      | 7624 ||| STAIRDANCE
  7633 | D:9      | 7633 ||| STAIRDANCE
  7640 | D:9      | 7640 ||| STAIRDANCE
  7642 | D:8      | 7642 ||| INVOKING Heroism.
  7648 | D:8      | HP: 16/64 [two-headed ogre/+0 giant club (13)]
  7649 | D:8      | 7649 ||| READING scroll of teleportation.
  7650 | D:8      | Killed a two-headed ogre
  7650 | D:8      | Reached *** piety under Okawaru
  7816 | D:9      | Found Puingell's Antique Weapon Shop.
  7817 | D:9      | 7817 ||| RETREEAATING.
  7818 | D:9      | 7818 ||| STILL RETREEAATING.
  7821 | D:9      | 7821 ||| STILL RETREEAATING.
  7822 | D:9      | 7822 ||| Stepping ~*~*~tactically~*~*~ (retreating).
  7823 | D:9      | 7823 ||| INVOKING Heroism.
  7834 | D:9      | 7834 ||| Stepping ~*~*~tactically~*~*~ (retreating).
  7840 | D:9      | Reached skill level 13 in Ranged Weapons
  7872 | D:9      | 7872 ||| FLEEEEING.
  7876 | D:9      | 7876 ||| STAIRDANCE
  7993 | D:9      | 7993 ||| BUYING glowing sling (103 gold).
  7993 | D:9      | Bought a glowing sling for 103 gold pieces
  7993 | D:9      | 7993 ||| BUYING runed orcbow (149 gold).
  7993 | D:9      | Bought a runed orcbow for 149 gold pieces
  7993 | D:9      | 7993 ||| SWAPPING to +1 orcbow of flaming.
  7994 | D:9      | 7994 ||| DROPPING +2 sling of freezing.
  7995 | D:9      | 7995 ||| DROPPING +3 shortbow of draining.
  8011 | D:9      | Noticed Gastronok
  8012 | D:9      | 8012 ||| INVOKING Heroism.
  8015 | D:9      | 8015 ||| RETREEAATING.
  8016 | D:9      | 8016 ||| STILL RETREEAATING.
  8018 | D:9      | 8018 ||| Stepping ~*~*~tactically~*~*~ (retreating).
  8019 | D:9      | 8019 ||| Stepping ~*~*~tactically~*~*~ (retreating).
  8020 | D:9      | 8020 ||| Stepping ~*~*~tactically~*~*~ (retreating).
  8021 | D:9      | 8021 ||| Stepping ~*~*~tactically~*~*~ (retreating).
  8022 | D:9      | 8022 ||| Stepping ~*~*~tactically~*~*~ (retreating).
  8023 | D:9      | 8023 ||| Stepping ~*~*~tactically~*~*~ (retreating).
  8024 | D:9      | 8024 ||| Stepping ~*~*~tactically~*~*~ (retreating).
  8025 | D:9      | 8025 ||| Stepping ~*~*~tactically~*~*~ (retreating).
  8026 | D:9      | 8026 ||| Stepping ~*~*~tactically~*~*~ (retreating).
  8027 | D:9      | 8027 ||| STILL RETREEAATING.
  8028 | D:9      | 8028 ||| Stepping ~*~*~tactically~*~*~ (retreating).
  8029 | D:9      | 8029 ||| Stepping ~*~*~tactically~*~*~ (retreating).
  8038 | D:9      | 8038 ||| INVOKING Heroism.
  8055 | D:9      | HP: 7/65 [Gastronok/the air (26)]
  8064 | D:9      | 8064 ||| INVOKING Heroism.
  8064 | D:9      | Killed from afar by Gastronok

Levels and vault maps discovered:
D:1:      nzn_arrival_water_spiral, layout_basic, serial_co_window_serial,
          co_window_paths_a, co_window_corner_a, co_window_of_opportunity_a,
          co_window_of_opportunity_a, co_window_paths_a, co_window_paths_a,
          co_window_broadway_a, co_window_broadway_b, co_window_2corner,
          co_window_paths_c, co_window_of_opportunity_b, co_window_cross_2,
          glass_columns_c, glass_columns_a, glass_columns_c
D:2:      layout_rooms, uniq_terence
D:3:      layout_basic
D:4:      layout_basic, minmay_temple_entry_purple_smoke, minmay_cupped
D:5:      layout_loops_ring, serial_shops, shop, minmay_manual_mandibuliform,
          uniq_grinder
D:6:      layout_basic, nicolae_dithmenos_shadow_blocks,
          nicolae_figureground_sparkle, uniq_pikel, uniq_crazy_yiuf_cottage,
          uniq_menkaure, uniq_edmund
D:7:      gammafunk_wand_slinger, layout_rooms, serial_shops, shop,
          lightli_bailey_entry_fortress, kennysheep_generic_room_14
D:8:      layout_layer_cave, serial_demonic, serial_demonic_g, serial_demonic_g,
          serial_demonic_g, serial_demonic_e, serial_demonic_b,
          serial_demonic_b, uniq_joseph
D:9:      layout_rooms, kennysheep_orc_monster_closet_entryway, serial_shops,
          nicolae_square_shop, kennysheep_mini_moat, shop, shop,
          hangedman_abyss_or_decor_passed, uniq_gastronok
Temple:   mainiacjoe_temple_big_plus

Skill      XL: |  1  2  3  4  5  6  7  8  9 10 |
---------------+-------------------------------+-----
Armour         | 1 3 4 |  4.1
Ranged Weapons | 5 6 7 8 9 11 13 | 13.0
Fighting       | 3 4 6 8 |  8.9
Invocations    | 3 4 |  4.2
Dodging        | 2 3 |  3.4
Stealth        | |  1.1

Action                     |  1- 3 |  4- 6 |  7- 9 | 10-12 || total
---------------------------+-------+-------+-------+-------++-------
   Fire: Shortbow          |   117 |   145 |   315 |   190 ||   767
         Orcbow            |       |       |       |    33 ||    33
 Invoke: Heroism           |       |     1 |    13 |     9 ||    23
    Use: Scroll            |     2 |     4 |     2 |     9 ||    17
         Potion            |       |     1 |     2 |       ||     3
 Armour: Leather armour    |    14 |       |       |       ||    14
         Skin              |     1 |       |       |       ||     1
         Ring mail         |    27 |    21 |    99 |    93 ||   240
         Robe              |       |    25 |       |       ||    25
  Dodge: Dodged            |    44 |    45 |    94 |    99 ||   282

Table legend:
 A = Non-vault XP
 B = Vault XP
 C = Vault XP percentage of total XP
 D = Non-vault monster count
 E = Vault monster count
 F = Vault count percentage of total count
                 A         B        C        D         E       F
            +---------+---------+-------+---------+---------+-------
      Total |    6172 |    2792 |  31.1 |     168 |      39 |  18.8
            +---------+---------+-------+---------+---------+-------
        D:1 |      56 |       0 |   0.0 |      33 |       0 |   0.0
        D:2 |      53 |      36 |  40.4 |      20 |       1 |   4.8
        D:3 |      48 |       0 |   0.0 |      13 |       0 |   0.0
        D:4 |     291 |      69 |  19.2 |      14 |       4 |  22.2
        D:5 |    1316 |     798 |  37.7 |      30 |       9 |  23.1
        D:6 |     618 |     995 |  61.7 |      11 |       3 |  21.4
        D:7 |     755 |     252 |  25.0 |      13 |      14 |  51.9
        D:8 |    1226 |     505 |  29.2 |       8 |       7 |  46.7
        D:9 |    1809 |     137 |   7.0 |      26 |       1 |   3.7
            +---------+---------+-------+---------+---------+-------
